 Dungeon Crawl Stone Soup version 0.19.0-2-gae57169 (webtiles) character file.

11125 Querens the Blocker (level 11, -3/159 HPs)
             Began as a Deep Dwarf Fighter on Nov 6, 2016.
             Was a Believer of Makhleb.
             Slain by a tentacled starspawn (27 damage)
             ... on level 1 of the Abyss.
             The game lasted 01:17:42 (8881 turns).

Querens the Blocker (Deep Dwarf Fighter)            Turns: 8881, Time: 01:17:42

Health: -3/159     AC:  9    Str: 26    XL:     11   Next: 45%
Magic:  14/14      EV: 16    Int: 14    God:    Makhleb [**....]
Gold:   664        SH: 17    Dex: 12    Spells: 0 memorised, 10 levels left

rFire  + . .     SeeInvis .     a - +0 war axe
rCold  . . .     Gourm    .     E - +1 leather armour of Trumpets {rCorr Int+6 Dex-5 Slay+2}
rNeg   . . .     Faith    .     g - +0 shield
rPois  .         Spirit   .     (no helmet)
rElec  +         Reflect  .     Q - +1 cloak
rCorr  +         Harm     +     (no gloves)
MR     ++...     Rnd*Rage +     (no boots)
Stlth  ..........               n - amulet of harm
                                C - +2 ring of slaying
                                d - ring of protection from fire

@: berserking, very slightly contaminated, non-regenerating, mildly diseased,
hasted, very quick
A: damage resistance, recharge devices, repulsion field 1, large bone plates 1,
yellow scales 1, agile 1, berserk 1, magic resistance 1, sense surroundings 2,
electricity resistance, slow regeneration 3
a: Device Recharging, Minor Destruction, Renounce Religion


You were on level 1 of the Abyss.
You worshipped Makhleb.
Makhleb was pleased with you.
You were hungry.

You visited 2 branches of the dungeon, and saw 14 of its levels.
You visited the Abyss 1 time.

You collected 664 gold pieces.

Inventory:

Hand Weapons
 a - a +0 war axe (weapon)
 t - the +2 flail of the Nexus {elec, *Rage +Blink +Inv rC-}
   (You found it on level 11 of the Dungeon)

   Occasionally, upon striking a foe, it will discharge some electrical energy
   and cause terrible harm.
   It makes you vulnerable to cold.
   It lets you turn invisible.
   It lets you blink.
   It may make you go berserk in combat.
Armour
 b - a +0 scale mail
 g - a +0 shield (worn)
 E - the +1 leather armour of Trumpets (worn) {rCorr Int+6 Dex-5 Slay+2}
   (You found it on level 9 of the Dungeon)

   It affects your intelligence (+6).
   It affects your dexterity (-5).
   It affects your accuracy and damage with ranged weapons and melee attacks
   (+2).
   It protects you from acid and corrosion.
 Q - a +1 cloak (worn)
Jewellery
 d - a ring of protection from fire (left hand)
 n - an amulet of harm (around neck)
 s - an uncursed amulet of the gourmand
 v - an uncursed ring of ice
 A - an uncursed ring of poison resistance
 C - a +2 ring of slaying (right hand)
 H - an uncursed amulet of guardian spirit
Wands
 e - a wand of heal wounds (3/9)
 j - a wand of flame (22/48)
 I - a wand of flame (15/48)
 J - a wand of lightning (6/15)
 N - a wand of flame (24/48)
Scrolls
 u - 2 scrolls of fear
 w - 2 scrolls of magic mapping {unknown}
 y - 2 scrolls of random uselessness {unknown}
 D - 3 scrolls of remove curse
 G - 2 scrolls of enchant armour {unknown}
 K - a scroll of summoning {unknown}
 P - a scroll of noise {unknown}
Potions
 c - 4 potions of curing
 h - 2 potions of resistance
 i - 3 potions of flight
 p - a potion of lignification
 z - 2 potions of mutation {unknown}
 B - 2 potions of invisibility {unknown}
 L - a potion of cure mutation {unknown}
 O - a potion of agility {unknown}
 R - a potion of brilliance {unknown}
Comestibles
 f - 5 bread rations
 k - 3 slices of pizza
 o - 5 beef jerkies
 q - 2 royal jellies
 r - 6 meat rations
 F - 2 fruits


   Skills:
 * Level 9.1 Fighting
 + Level 7.8 Axes
 + Level 8.1 Armour
 + Level 7.1 Dodging
 * Level 10.9 Shields
 + Level 5.8 Invocations


You had 10 spell levels left.
You didn't know any spells.

Dungeon Overview and Level Annotations

Branches:
Dungeon (11/15)            Temple (0/1) D:7            Lair (3/6) D:8
  Swamp (0/4) Lair:2        Snake (0/4) Lair:2          Orc (0/2) D:11

Altars:
Cheibriados
Dithmenos
Elyvilon
Fedhas
Hepliaklqana
Makhleb
Qazlal
Sif Muna
Trog
Vehumet
Xom
Yredelemnul
Zin
The Shining One
Beogh

Annotations:
D:5 1 runed door
D:11 Fannar, Sonja
Lair:1 exclusion: oklob plant


Innate Abilities, Weirdness & Mutations

You are resistant to damage.
You can recharge devices by infusing magical energy.
You passively map the area around you.
You do not regenerate.
You are surrounded by a mild repulsion field. (EV +2)
You are partially covered in large bone plates. (SH +4)
You are partially covered in yellow scales. (AC +2)
You are agile. (Dex +2)
You tend to lose your temper in combat.
You are resistant to hostile enchantments. (MR+)
You are resistant to electric shocks. (rElec)


Message History

The orc priest disappears in a puff of smoke! x3
You barely miss the tentacled starspawn. x2
You slash the starspawn tentacle! The tentacled starspawn bites you!
The tentacled starspawn engulfs you!!
* * * LOW HITPOINT WARNING * * *
You are too injured to fight recklessly!
You are too injured to fight recklessly!
You barely miss the tentacled starspawn.
The tentacled starspawn is heavily damaged.
You slash the starspawn tentacle!
You destroy the starspawn tentacle!
You slash the tentacled starspawn!
You block the tentacled starspawn's attack.
The tentacled starspawn engulfs you but does no damage.
You block the starspawn tentacle's attack.
You slash the tentacled starspawn!
The tentacled starspawn is almost destroyed.
You slash the tentacled starspawn! You hit the starspawn tentacle.
The tentacled starspawn bites you!!
You die...

# #.#.. ###..# . .
. #. ...# .#
#...#.# ##########
.. .# # .
.##.%.......#
##...##
...#........# . #
X## . #.##......#.#
. .. #
.###..#.w......# #
.#......│#§X......#
# # .#..#
#X@w.§.... #..
.#.....#
#'###.....# # .#. #
#.. # .### . #. #..
....#. .# ##.# .#.
.#. .# # # ...
#.....#.. # .# # #.
#...#.o.. #..
#####..... #.#
#.....#


You could see 2 tentacled starspawn and 2 starspawn tentacles.

Vanquished Creatures
  The ghost of SaintRoka the Grappler, a novice HOWz of Cheibriados (D:9)
  2 unseen horrors (D:11)
  A worldbinder (Abyss:1)
  A centaur zombie (D:9)
  Maurice (D:11)
  2 spiny frogs (Lair:2)
  Psyche (D:11)
  A komodo dragon (Lair:1)
  A troll (D:9)
  Grinder (D:4)
  A two-headed ogre (D:11)
  A blink frog (Lair:2)
  Prince Ribbit (D:9)
  A hippogriff (Lair:1)
  Sigmund (D:6)
  A hungry ghost (D:7)
  A soldier ant (D:5)
  2 water moccasins
  Duvessa (D:6)
  2 porcupines
  2 orc warriors
  2 ice beasts
  A phantom (D:9)
  3 sky beasts
  7 ogres
  4 centaurs
  2 crocodiles
  2 big kobolds
  12 bullfrogs
  Dowan (D:6)
  A wyvern zombie (D:10)
  5 scorpions
  10 killer bees
  3 howler monkeys
  4 crimson imps
  9 jellies (Lair:1)
  4 hounds
  7 orc wizards
  6 orc priests
  A gnoll shaman (D:9)
  3 iguanas
  11 worker ants
  A hound zombie (D:5)
  A hound skeleton (D:10)
  12 gnolls
  12 adders
  4 shadow imps
  A white imp (Abyss:1)
  8 oozes (Lair:1)
  An adder skeleton (D:5)
  A worm (D:3)
  2 dart slugs (D:3)
  9 leopard geckos
  34 orcs
  2 ball pythons
  4 bats
  12 giant cockroaches
  7 goblins
  8 hobgoblins
  2 jackals (D:3)
  18 kobolds
  5 quokkas
  6 frilled lizards
  10 rats
  A fungus (Lair:1)
  2 starspawn tentacles (Abyss:1)
287 creatures vanquished.

Vanquished Creatures (others)
  11 fungi
  17 starspawn tentacles (Abyss:1)
28 creatures vanquished.

Grand Total: 315 creatures vanquished

Notes
Turn   | Place    | Note
-------+----------+-------------------------------------------
     0 | D:1      | Querens the Deep Dwarf Fighter began the quest for the Orb.
     0 | D:1      | Reached XP level 1. HP: 20/20 MP: 1/1
   111 | D:1      | Reached XP level 2. HP: 27/27 MP: 2/2
   556 | D:2      | Reached XP level 3. HP: 31/34 MP: 3/3
   559 | D:2      | Reached skill level 1 in Dodging
  1044 | D:2      | Reached XP level 4. HP: 29/42 MP: 4/4
  1101 | D:2      | Reached skill level 4 in Shields
  1546 | D:3      | Reached XP level 5. HP: 45/49 MP: 5/5
  2047 | D:4      | Noticed a two-headed ogre
  2113 | D:4      | Reached XP level 6. HP: 28/57 MP: 6/6
  2180 | D:4      | Found a glowing golden altar of the Shining One.
  2309 | D:3      | Reached skill level 5 in Shields
  2690 | D:4      | Noticed Grinder
  2697 | D:4      | Killed Grinder
  2697 | D:4      | Reached XP level 7. HP: 21/66 MP: 7/7
  2760 | D:5      | Entered Level 5 of the Dungeon
  2803 | D:5      | Found a runed door.
  2806 | D:5      | Found a runed door.
  2968 | D:5      | Reached skill level 5 in Armour
  3057 | D:6      | Reached skill level 5 in Fighting
  3057 | D:6      | Reached skill level 6 in Shields
  3109 | D:5      | Reached XP level 8. HP: 49/74 MP: 8/8
  3195 | D:5      | Found a blossoming altar of Fedhas.
  3196 | D:5      | Found a stormy altar of Qazlal.
  3550 | D:5      | Reached skill level 5 in Axes
  3756 | D:6      | Noticed Duvessa
  3758 | D:6      | Noticed Dowan
  3777 | D:6      | Gained mutation: Scrolls take you a little longer to read. [mutagenic meat]
  3779 | D:6      | Gained mutation: You are frail. (-10% HP) [mutagenic meat]
  3781 | D:6      | Gained mutation: You are partially covered in yellow scales. (AC +2) [mutagenic meat]
  3851 | D:6      | Reached skill level 7 in Shields
  4018 | D:6      | Killed Duvessa
  4063 | D:6      | Noticed Sigmund
  4068 | D:6      | Found a basalt altar of Yredelemnul.
  4077 | D:6      | Gained mutation: You passively map the area around you. [Deep Dwarf growth]
  4077 | D:6      | Reached XP level 9. HP: 55/73 MP: 9/9
  4092 | D:6      | Killed Sigmund
  4099 | D:6      | Found a deep blue altar of Sif Muna.
  4100 | D:6      | Found a bloodstained altar of Trog.
  4101 | D:6      | Found a radiant altar of Vehumet.
  4104 | D:6      | Found a snail-covered altar of Cheibriados.
  4256 | D:6      | Killed Dowan
  4340 | D:7      | Reached skill level 5 in Dodging
  4476 | D:7      | Reached skill level 8 in Shields
  4562 | D:7      | Found a burning altar of Makhleb.
  4567 | D:7      | Found a glowing silver altar of Zin.
  4567 | D:7      | Noticed an angel
  4568 | D:7      | Noticed a blizzard demon
  4570 | D:7      | Became a worshipper of Makhleb the Destroyer
  4712 | D:7      | Reached skill level 1 in Invocations
  4781 | D:7      | Gained mutation: You are agile. (Dex +2) [mutagenic meat]
  4782 | D:7      | Gained mutation: You are surrounded by a mild repulsion field. (EV +2) [mutagenic meat]
  4783 | D:7      | Lost mutation: You are frail. (-10% HP) [mutagenic meat]
  4921 | D:7      | Found a staircase to the Ecumenical Temple.
  5011 | D:8      | Gained mutation: You are resistant to hostile enchantments. (MR+) [potion of beneficial mutation]
  5183 | D:8      | Gained mutation: You tend to lose your temper in combat. [mutagenic meat]
  5185 | D:8      | Gained mutation: You are partially covered in large bone plates. (SH +4) [mutagenic meat]
  5186 | D:8      | Gained mutation: You are resistant to electric shocks. (rElec) [mutagenic meat]
  5188 | D:8      | Lost mutation: Scrolls take you a little longer to read. [mutagenic meat]
  5296 | D:8      | Found a staircase to the Lair.
  5670 | Lair:1   | Entered Level 1 of the Lair of Beasts
  5805 | Lair:1   | Noticed a komodo dragon
  5822 | Lair:1   | HP: 3/129 [komodo dragon (31)]
  5823 | Lair:1   | Killed a komodo dragon
  5823 | Lair:1   | Reached skill level 9 in Shields
  5823 | Lair:1   | Reached XP level 10. HP: 3/94 MP: 12/12
  5976 | Lair:1   | Reached * piety under Makhleb
  6012 | Lair:1   | Noticed an oklob plant
  6268 | Lair:2   | Noticed a four-headed hydra
  6269 | Lair:2   | Noticed a spiny frog
  6276 | Lair:2   | Killed a spiny frog
  6282 | Lair:2   | Noticed an eight-headed hydra
  6294 | Lair:3   | Noticed an elephant
  6294 | Lair:3   | Noticed an elephant
  6294 | Lair:3   | Noticed an elephant
  6298 | Lair:3   | Noticed an elephant
  6345 | Lair:2   | Found a staircase to the Swamp.
  6416 | Lair:2   | Noticed a spiny frog
  6424 | Lair:2   | Killed a spiny frog
  6429 | Lair:2   | Found a staircase to the Snake Pit.
  6715 | D:9      | Got a black opal-encrusted leather armour
  6726 | D:9      | Identified the cursed +1 leather armour of Trumpets {rCorr Int+6 Dex-5 Slay+2} (You found it on level 9 of the Dungeon)
  6752 | D:9      | Noticed SaintRoka's ghost (novice HOWz)
  6779 | D:9      | Killed SaintRoka's ghost
  6779 | D:9      | Reached skill level 10 in Shields
  6799 | D:9      | Reached skill level 5 in Invocations
  6906 | D:9      | Found a white marble altar of Elyvilon.
  6956 | D:9      | Reached ** piety under Makhleb
  7140 | D:9      | Found a shadowy altar of Dithmenos.
  7195 | D:9      | Found a hazy altar of Hepliaklqana.
  7195 | D:9      | Noticed Prince Ribbit
  7210 | D:9      | Killed Prince Ribbit
  7266 | D:10     | Entered Level 10 of the Dungeon
  7387 | D:10     | Reached XP level 11. HP: 63/104 MP: 14/14
  7992 | D:11     | Noticed Psyche
  7996 | D:11     | Killed Psyche
  8051 | D:11     | Noticed Maurice
  8056 | D:11     | Killed Maurice
  8158 | D:11     | Killed an unseen horror
  8209 | D:11     | Found a shimmering altar of Xom.
  8269 | D:11     | Killed an unseen horror
  8279 | D:11     | Found a staircase to the Orcish Mines.
  8308 | D:11     | Found a roughly hewn altar of Beogh.
  8365 | D:11     | Got a crystal flail
  8366 | D:11     | Identified the cursed +2 flail of the Nexus {elec, *Rage +Blink +Inv rC-} (You found it on level 11 of the Dungeon)
  8539 | D:11     | Noticed Fannar
  8540 | D:11     | Noticed Sonja
  8593 | D:11     | Cast into level 1 of the Abyss (Sonja)
  8629 | Abyss:1  | Noticed a bone dragon
  8631 | Abyss:1  | Noticed a tentacled starspawn
  8632 | Abyss:1  | Noticed a sixfirhy
  8703 | Abyss:1  | Noticed a mottled draconian monk
  8705 | Abyss:1  | Noticed a tentacled starspawn
  8753 | Abyss:1  | Noticed a spatial maelstrom
  8846 | Abyss:1  | Noticed a tentacled starspawn
  8881 | Abyss:1  | Slain by a tentacled starspawn

Skill      XL: |  1  2  3  4  5  6  7  8  9 10 11 |
---------------+----------------------------------+-----
Fighting       | 3 4 5 6 7 8 9 |  9.1
Dodging        | 1 2 3 4 5 6 7 |  7.1
Shields        | 4 5 6 7 9 10 | 10.9
Armour         | 4 5 6 7 8 |  8.1
Axes           | 3 4 5 6 7 |  7.8
Invocations    | 2 5 |  5.8

Action                   |  1- 3 |  4- 6 |  7- 9 | 10-12 || total
-------------------------+-------+-------+-------+-------++-------
Melee: War axe           |   105 |   176 |   399 |   340 ||  1020
       Hand axe          |       |     9 |       |       ||     9
 Abil: Device Recharging |       |       |       |     1 ||     1
Evoke: Wand              |       |     4 |     4 |    11 ||    19
  Use: Scroll            |       |       |    11 |     8 ||    19
       Potion            |       |       |     8 |     6 ||    14
  Eat: Chunk             |     6 |    14 |    28 |     2 ||    50
       Fruit             |       |       |       |     7 ||     7
Armor: Scale mail        |    41 |    75 |   116 |    17 ||   249
       Leather armour    |       |       |       |    54 ||    54
Dodge: Dodged            |    36 |    71 |   135 |   168 ||   410
Block: Shield            |    63 |   107 |   235 |   304 ||   709
